 Dungeon Crawl Stone Soup version 0.28-a0-258-g8de209e91f (webtiles) character file.

Game seed: 8776528291006351371

21 Smaepdii the Sneak (level 2, 0/13 HPs)
             Began as a Spriggan Enchanter on Aug 26, 2021.
             Slain by a hobgoblin (5 damage)
             ... led by Robin
             ... on level 1 of the Dungeon.
             The game lasted 00:05:11 (1447 turns).

Smaepdii the Sneak (Spriggan Enchanter)             Turns: 1447, Time: 00:05:12

Health: 0/13       AC:  2    Str:  4    XL:     2   Next: 65%
Magic:  6/6        EV: 17    Int: 16    God:
Gold:   6          SH:  0    Dex: 15    Spells: 6/6 levels left

rFire   . . .      SeeInvis +   a - +1 dagger
rCold   . . .      Faith    .   (shield restricted)
rNeg    . . .      Spirit   .   b - +0 robe
rPois   .          Reflect  .   (helmet restricted)
rElec   .          Harm     .   (no cloak)
rCorr   .          Rampage  .   (gloves unavailable)
Will    .....                   (boots unavailable)
Stlth   +++.......              (no amulet)
HPRegen 0.04/turn               (no ring)
MPRegen 0.10/turn               (no ring)

@: very quick
A: very small, no large weapons, unfitting armour, see invisible, speed 3
a: no special abilities


You were on level 1 of the Dungeon.
You visited 1 branch of the dungeon, and saw 2 of its levels.

You collected 28 gold pieces.
You spent 22 gold pieces at shops.

Inventory:

Hand Weapons
 a - a +1 dagger (weapon)
Armour
 b - a +0 robe (worn)
Scrolls
 e - a scroll of fear {unknown}
 g - a scroll of vulnerability {unknown}
 h - a scroll of identify
Potions
 c - a potion of invisibility
 d - a potion of curing {unknown}
 f - a potion of berserk rage {unknown}
 i - a potion of cancellation {unknown}


   Skills:
 + Level 1.6 Short Blades
 + Level 3.1 Dodging
 + Level 4.8 Stealth
 - Level 2.6 Spellcasting
 * Level 4.1 Hexes


You had 6 spell levels left.
You didn't know any spells.
Your spell library contained the following spells:

 Spells                   Type           Power      Damage    Failure   Level
 Confusing Touch          Hex            15%        N/A       11%         3
 Tukima's Dance           Hex            15%        N/A       11%         3
 Ensorcelled Hibernation  Hex/Ice        16%        N/A       12%         2
 Dazzling Flash           Conj/Hex       16%        N/A       24%         3


Dungeon Overview and Level Annotations

Branches:
Dungeon (2/15)

Altars:

Shops:
D:1 ?([:?

Annotations:
D:2 Robin


Innate Abilities, Weirdness & Mutations

You are very small and have problems with some larger weapons.
You are too small for most types of armour.
You have supernaturally acute eyesight. (SInv)
You cover ground extremely quickly. (Speed+++)


Message History

The frilled lizard is heavily wounded.
The frilled lizard closely misses you. The goblin hits you but does no damage.
You hit the frilled lizard.
You kill the frilled lizard!
The goblin hits you with a +0 club.
You barely miss the goblin. The goblin hits you with a +0 club.
You hit the goblin.
The goblin is severely wounded.
The goblin misses you.
You barely miss the goblin.
The goblin is severely wounded.
The goblin misses you.
You barely miss the goblin.
The goblin is severely wounded.
The goblin hits you but does no damage.
You hit the goblin.
You kill the goblin!
You start resting.
HP restored.
You climb downwards.
Level annotation: Robin The hobgoblin hits you.
The goblin closely misses you. The hobgoblin barely misses you.
The goblin hits you with a +0 dagger.
There is a stone staircase leading up here.
Robin says, "Duck!"
Robin roars a battlecry!
The goblins go into a battle-frenzy!
The hobgoblin hits you but does no damage.
The goblin hits you with a +0 dagger.
You climb upwards.
There is a stone staircase leading down here.
You hit the goblin but do no damage. The goblin misses you.
The hobgoblin closely misses you.
You hit the goblin.
The goblin is moderately wounded.
You hit the goblin.
You kill the goblin!
The hobgoblin completely misses you.
You barely miss the hobgoblin. The hobgoblin hits you.
You die...

#......# #################
#.###### #...............#
#†# #.#############.# #.#
#.# #........##.#####.###
#.# #.######.##.#.......#
#.# #.#....#.##.#.....#.#
##.###'#.##.#.##)#######.#
...............÷@g.......#
........########)#########
........'........#
........##########
........#### ........'..#
........##.# ####.....#.#
# #.(...#.#


You could see a hobgoblin (strong).

Vanquished Creatures
  2 ball pythons (D:1)
  2 bats (D:1)
  6 goblins (D:1)
  2 hobgoblins (D:1)
  2 quokkas (D:1)
  A frilled lizard (D:1)
  4 rats (D:1)
19 creatures vanquished.

Notes
Turn   | Place    | Note
-------+----------+-------------------------------------------
     0 | D:1      | Smaepdii the Spriggan Enchanter began the quest for the
                  | Orb.
     0 | D:1      | Reached XP level 1. HP: 9/9 MP: 5/5
   186 | D:1      | Found Lak Vuna's Book Shoppe.
   187 | D:1      | Found Wioggapoga's Magic Scroll Shop.
   247 | D:1      | Found Nekhi's Armour Boutique.
   252 | D:1      | Found Ofedgh's Weapon Emporium.
   478 | D:1      | Reached XP level 2. HP: 10/13 MP: 6/6
   636 | D:1      | Found Qatwois's Magic Scroll Shoppe.
   643 | D:1      | Bought a scroll of identify for 22 gold pieces
   718 | D:1      | Found a faded altar of an unknown god.
   860 | D:2      | Noticed Robin
  1447 | D:1      | Slain by a hobgoblin

Illustrated notes

Levels and vault maps discovered:
D:1:      ncdulo_halloftheorcs, layout_basic, serial_shops, shop,
          nicolae_lakefront_shop, shop, shop, shop,
          dreamdust_ecumenical_altar_hidden_monk_grotto
D:2:      layout_basic, moated_statue, serial_bayou_ford_a,
          kennysheep_generic_room_16, uniq_robin

Skill      XL: |  1  2 |
---------------+-------+-----
Dodging        | 3 |  3.1
Hexes          | 4 |  4.1
Short Blades   | |  1.6
Stealth        | |  4.8
Spellcasting   | |  2.6

Action                   || total
-------------------------++-------
Melee: Dagger            ||    76
 Stab: Sleeping          ||     3
Armor: Robe              ||    12
Dodge: Dodged            ||    72

Table legend: (Time is in decaauts)
 A = Elapsed time spent in this place.
 B = Non-inter-level travel time spent in this place.
 C = Inter-level travel time spent in this place.
 D = Time resting spent in this place.
 E = Time spent auto-exploring this place.
 F = Levels seen in this place.
 G = Mean time per level.
                   A        B        C        D        E       F      G
               +--------+--------+--------+--------+--------+-----+--------+
         Total |   1275 |   1265 |     10 |    878 |    207 |   2 |  637.5 |
       Dungeon |   1275 |   1265 |     10 |    878 |    207 |   2 |  637.5 |
               +--------+--------+--------+--------+--------+-----+--------+

Top non-repeatable levels by time:
     D:1: 1259 daAuts
     D:2: 15 daAuts
